AoeStats
← shockmystic

Arena

509026253Analyzed
4v4 RM · 8d ago on Sep 25, 2026· 54m 4s· 8 players
Game mode
Random Map
Map size
Large (8 player)
Population
200
Speed
Normal
Resources
Standard
Victory
Conquest
Starting age
Dark Age
Ending age
Imperial Age
RankedLock teamsTeams togetherTeam positionsShared explorationLock speedFull tech treeHidden civsTurbo modeCheats
Victory
Defeat
🇺🇸 Danes · United States
1234
+14
🇺🇸 Turks · United States
1206
+15
🇺🇸 Aztecs · United States
1164
+17
🇺🇸 Varangians · United States
1264
-17
🇺🇸 Saxons · United States
1179
-15
🇺🇸 Cumans · United States
1174
-15
🇺🇸 Danes · United States
1142
-13
Bussa
11:31 Feudal Age
15:26 Castle Age
17:31 Double-Bit Axe
22:52 Fletching
31:46 Imperial Age
31:49 Forging
31:39 Scale Mail Armor
31:26 Horse Collar
32:01 Bow Saw
31:25 Man-at-Arms
31:50 Gambesons
32:06 Squires
31:54 Arson
32:22 Murder Holes
32:27 Long Swordsman
33:51 Iron Casting
33:32 Chain Mail Armor
34:31 Conscription
33:43 Shield Wall
33:51 Elite Hearth Troop
33:57 Two-Handed Swordsman
36:45 Champion
39:10 Plate Mail Armor
38:29 Loom
38:57 Pikeman
40:36 Halberdier
shockmystic
10:27 Feudal Age
14:36 Castle Age
12:24 Double-Bit Axe
12:49 Horse Collar
13:04 Loom
21:15 Heavy Plow
22:13 Wheelbarrow
21:55 Town Watch
22:22 Bow Saw
22:26 Scale Mail Armor
23:58 Squires
24:11 Forging
24:24 Elite Skirmisher
25:00 Fletching
25:13 Padded Archer Armor
25:58 Bodkin Arrow
26:13 Gambesons
26:47 Chain Mail Armor
26:40 Gold Mining
27:39 Town Patrol
27:56 Hand Cart
31:52 Imperial Age
29:52 Leather Archer Armor
30:13 Iron Casting
3lbsofSalt[FAM]
10:59 Feudal Age
12:22 Double-Bit Axe
14:47 Castle Age
12:52 Horse Collar
18:52 Wheelbarrow
18:35 Bow Saw
21:20 Hand Cart
20:52 Loom
20:54 Town Watch
21:55 Heavy Plow
25:45 Pikeman
26:49 Gold Mining
27:13 Town Patrol
29:53 Imperial Age
30:03 Halberdier
30:54 Forging
30:44 Scale Mail Armor
30:08 Capped Ram
31:40 Ballistics
32:20 Iron Casting
31:16 Heavy Scorpion
33:00 Chain Mail Armor
34:53 Blast Furnace
35:42 Chemistry
43:05 Masonry
BiggestNerd
6:22 Loom
8:26 Feudal Age
9:05 Double-Bit Axe
13:58 Wheelbarrow
14:06 Wheelbarrow
15:04 Horse Collar
18:22 Town Watch
20:54 Castle Age
20:07 Forging
23:10 Bloodlines
31:52 Imperial Age
29:57 Hand Cart
30:00 Scale Barding Armor
31:11 Fletching
31:57 Iron Casting
34:43 Imperial Age
33:35 Ballistics
33:49 Bodkin Arrow
33:55 Padded Archer Armor
34:49 Chain Barding Armor
33:55 Light Cavalry
35:06 Thumb Ring
36:05 Conscription
36:03 Leather Archer Armor
36:49 Blast Furnace
36:26 Parthian Tactics
37:24 Plate Barding Armor
37:47 Gold Mining
39:17 Chemistry
38:50 Steppe Husbandry
46:26 Hussar
49:47 Hoardings
dillon1556
3:16 Loom
11:18 Feudal Age
16:31 Castle Age
16:05 Bloodlines
16:07 Double-Bit Axe
16:34 Horse Collar
18:54 Scale Barding Armor
19:47 Padded Archer Armor
20:21 Fletching
28:58 Imperial Age
31:42 Husbandry
41:35 Parthian Tactics
42:01 Thumb Ring
41:59 Cavalier
43:34 Chain Barding Armor
43:25 Forging
43:31 Leather Archer Armor
54:38 Plate Barding Armor
54:34 Ring Archer Armor
54:40 Iron Casting
54:06 Scale Mail Armor
54:39 Guilds
Ike
9:52 Feudal Age
10:20 Double-Bit Axe
11:44 Horse Collar
16:38 Castle Age
18:35 Scale Mail Armor
24:13 Forging
25:49 Bow Saw
27:18 Chain Mail Armor
27:38 Arson
31:19 Heavy Plow
32:01 Iron Casting
32:51 Gold Mining
37:04 Imperial Age
35:23 Pikeman
36:53 Hamask
38:56 Plate Mail Armor
38:00 Halberdier
41:27 Fletching
41:38 Padded Archer Armor
43:04 Cranequins
43:41 Bodkin Arrow
44:03 Leather Archer Armor
44:12 Ballistics
44:32 Thumb Ring
44:49 Conscription
44:38 Bracer
46:40 Ring Archer Armor
47:26 Chemistry
48:06 Wheelbarrow
47:16 Loom
53:29 Blast Furnace
CantBoarLure
1:50 Loom
10:25 Feudal Age
16:26 Castle Age
16:04 Gold Mining
16:00 Double-Bit Axe
15:56 Horse Collar
16:18 Stone Mining
18:37 Stone Shaft Mining
20:59 Bow Saw
23:07 Forging
27:40 Scale Mail Armor
29:33 Chain Mail Armor
29:53 Iron Casting
33:47 Wheelbarrow
36:39 Imperial Age
35:39 Gold Shaft Mining
37:07 Iron Casting
37:01 Heavy Plow
36:55 Elite Jaguar Warrior
38:10 Capped Ram
40:32 Plate Mail Armor
41:22 Conscription
43:12 Fletching
50:57 Hand Cart
55:02 Blast Furnace
53:59 Bodkin Arrow
没麦打尼玛CSGO(下等马户
4:15 Loom
10:55 Feudal Age
11:36 Double-Bit Axe
11:37 Horse Collar
14:25 Castle Age
15:58 Wheelbarrow
21:45 Gold Mining
25:05 Hand Cart
27:46 Imperial Age
25:16 Stone Mining
25:39 Scale Barding Armor
26:32 Loom
27:10 Chain Barding Armor
27:31 Bloodlines
27:22 Husbandry
27:50 Heavy Camel Rider
29:23 Town Watch
29:59 Forging
30:25 Plate Barding Armor
31:16 Chemistry
30:22 Siege Engineers
29:46 Imperial Camel Rider
31:22 Conscription
31:02 Grand Trunk Road
31:33 Bow Saw
31:24 Heavy Plow
32:36 Iron Casting
36:09 Blast Furnace
35:01 Fletching
35:16 Caravan
37:14 Coinage
37:26 Masonry
38:26 Bodkin Arrow
39:03 Banking
41:11 Two-Man Saw
40:50 Gold Shaft Mining
40:55 Stone Shaft Mining
44:45 Hoardings
45:58 Ballistics
45:52 Careening
45:38 Murder Holes
46:04 Ballistics
45:53 Siege Engineers
46:11 Ballistics
45:47 Murder Holes
53:38 Spies/Treason
Connection lost

Rejoining the realm…

Still unreachable

The connection could not be restored.

Session expired

The server has moved on; the page needs a fresh start.